 Dungeon Crawl Stone Soup version 0.31-a0-190-g4feb4907b2 (webtiles) character file.

Game seed: 17097842572067225615

91 qw the Shooter (level 4, -1/25 HPs)
             Began as a Deep Elf Hunter on June 23, 2023.
             Slain by a gnoll
             ... wielding a +0 spear
              (6 damage)
             ... on level 3 of the Dungeon.
             The game lasted 00:00:29 (1340 turns).

qw the Shooter (Deep Elf Hunter)                    Turns: 1340, Time: 00:00:30

Health: -1/25      AC:  5    Str: 10    XL:     4   Next: 33%
Magic:  6/6        EV: 11    Int: 14    God:
Gold:   2          SH:  0    Dex: 18    Spells: 3/3 levels left

rFire   . . .        Y - +2 shortbow
rCold   . . .        (shield currently unavailable)
rNeg    . . .        a - +0 ring mail
rPois   .            (no helmet)
rElec   .            (no cloak)
rCorr   .            (no gloves)
SInv    .            (no boots)
Will    .....        (no amulet)
Stlth   +            (no ring)
HPRegen 0.24/turn    (no ring)
MPRegen 0.10/turn

%: no passive effects
@: no status effects
A: no striking features
a: no special abilities


You were on level 3 of the Dungeon.
You visited 1 branch of the dungeon, and saw 3 of its levels.

You collected 222 gold pieces.
You spent 220 gold pieces at shops.


   Skills:
 - Level 1.5 Fighting
 + Level 7.7 Ranged Weapons
 - Level 2.4 Dodging
 - Level 1.2 Stealth


You had 3 spell levels left.
You didn't know any spells.
Your spell library was empty.

Inventory:

Hand Weapons
 Y - a +2 shortbow (weapon)
Armour
 a - a +0 ring mail (worn)
 c - a +0 helmet
Potions
 b - 2 potions of curing
 d - 2 potions of heal wounds
 h - 2 potions of might

Dungeon Overview and Level Annotations

Branches:
Dungeon (3/15)

Altars:
Dithmenos

Shops:
D:3 !

Annotations:
D:3 exclusion: gnoll


Message History

The gnoll is severely wounded.
The gnoll barely misses you. The gnoll hits you with a +0 club.
The gnoll hits you from afar with a +0 spear.
The gnoll hits you with a +0 club.
You shoot an arrow. The arrow closely misses the gnoll.
The gnoll hits you from afar with a +0 spear.
The gnoll barely misses you.
You shoot an arrow. The arrow hits the gnoll.
The gnoll is almost dead.
The gnoll completely misses you. The gnoll barely misses you.
You shoot an arrow. The arrow hits the gnoll.
You kill the gnoll!
The gnoll closely misses you.
You shoot an arrow. The arrow barely misses the gnoll.
The gnoll barely misses you.
You shoot an arrow.
The arrow hits the gnoll but does no damage.
The gnoll hits you from afar with a +0 spear.
1333 ||| DRINKING 3 potions of heal wounds.
You feel much better. The gnoll completely misses you.
You shoot an arrow. The arrow barely misses the gnoll.
The gnoll misses you.
The gnoll hits you from afar with a +0 spear!
You shoot an arrow. The arrow hits the gnoll!
The gnoll is severely wounded.
The gnoll hits you from afar with a +0 spear!
Enter note:
1336 ||| UPGRADING to +0 helmet.
The gnoll hits you from afar with a +0 spear.
Keep equipping yourself?
You start putting on your armour.
You continue putting on your +0 helmet.
The gnoll hits you from afar with a +0 spear.
You continue putting on your +0 helmet.
The gnoll barely misses you.
You continue putting on your +0 helmet.
The gnoll closely misses you.
You continue putting on your +0 helmet.
The gnoll hits you from afar with a +0 spear.
You die...

#.# #.# ### #.# #..
#.# #.# #.# #.# ##%#
#.# #..# #.######
#.7########.#....#
7.\.7.......@)...+
######7...#####.#)...#
........### #.#g...#
....##..# #.#....#
....##.## ..+.....#
....##.### #.#.....#
....##.... #.#.....#
.....>.... +.......'
....###...


You could see a gnoll.

Vanquished Creatures
  Robin (D:3)
  2 gnolls (D:3)
  An adder (D:3)
  2 dart slugs (D:1)
  2 endoplasms (D:1)
  3 giant cockroaches
  10 goblins
  8 hobgoblins
  5 ball pythons
  2 frilled lizards
  6 kobolds
  3 rats
45 creatures vanquished.

Notes
Turn   | Place    | Note
-------+----------+-------------------------------------------
     0 | D:1      | qw the Deep Elf Hunter began the quest for the Orb.
     0 | D:1      | Reached XP level 1. HP: 12/12 MP: 3/3
     0 | D:1      | 0 ||| qw: Version: 0.3-a-9-g12657ce
     0 | D:1      | 0 ||| qw: Game counter: 4491
     0 | D:1      | 0 ||| qw: Always use a shield: true
     0 | D:1      | 0 ||| qw: God list: Okawaru
     0 | D:1      | 0 ||| qw: Allow faded altars: false
     0 | D:1      | 0 ||| qw: Do Orc after D:15 true
     0 | D:1      | 0 ||| qw: Do second Lair branch before Depths: true
     0 | D:1      | 0 ||| qw: Lair rune preference: random
     0 | D:1      | 0 ||| qw: Plans: Normal
     0 | D:1      | 0 ||| PLANNING D:1-11
    19 | D:1      | 19 ||| DROPPING +0 sling of draining.
    51 | D:1      | Reached XP level 2. HP: 16/16 MP: 4/4
    61 | D:1      | Reached skill level 6 in Ranged Weapons
   485 | D:1      | 485 ||| READING scroll labelled ZOOCHA VIRE.
   486 | D:1      | 486 ||| READING scroll labelled ANUMUEJACS.
   487 | D:1      | 487 ||| READING scroll labelled EQUIMP PEFEU.
   488 | D:1      | 488 ||| READING scroll labelled AVIL LI DAM.
   489 | D:1      | 489 ||| READING scroll labelled MAL COVIGUDWIAMEB.
   490 | D:1      | 490 ||| DROPPING scroll of butterflies.
   699 | D:2      | 699 ||| READING scroll of enchant weapon.
   699 | D:2      | 699 ||| ENCHANTING +1 shortbow.
   825 | D:2      | Reached XP level 3. HP: 20/20 MP: 5/5
   847 | D:2      | Found a shadowy altar of Dithmenos.
  1020 | D:2      | 1020 ||| UPGRADING to +0 ring mail.
  1030 | D:2      | 1030 ||| DROPPING +0 leather armour.
  1251 | D:3      | Reached skill level 7 in Ranged Weapons
  1264 | D:3      | Noticed Robin
  1271 | D:3      | Killed Robin
  1292 | D:3      | Reached XP level 4. HP: 25/25 MP: 6/6
  1300 | D:3      | Found Hyimias's Distillery.
  1303 | D:3      | 1303 ||| BUYING 2 potions of heal wounds (100 gold).
  1303 | D:3      | Bought 2 potions of heal wounds for 100 gold pieces
  1303 | D:3      | 1303 ||| BUYING potion of curing (30 gold).
  1303 | D:3      | Bought a potion of curing for 30 gold pieces
  1303 | D:3      | 1303 ||| BUYING potion of heal wounds (50 gold).
  1303 | D:3      | Bought a potion of heal wounds for 50 gold pieces
  1303 | D:3      | 1303 ||| SHOPLISTING potion of heal wounds (50 gold, have
                  | 42).
  1303 | D:3      | 1303 ||| BUYING potion of might (40 gold).
  1303 | D:3      | Bought a potion of might for 40 gold pieces
  1332 | D:3      | HP: 4/25 [gnoll/+0 spear (4)]
  1333 | D:3      | 1333 ||| DRINKING 3 potions of heal wounds.
  1336 | D:3      | 1336 ||| UPGRADING to +0 helmet.
  1337 | D:3      | HP: 4/25 [gnoll/+0 spear (4)]
  1340 | D:3      | Slain by a gnoll

Levels and vault maps discovered:
D:1:      grunt_arrival_crossed_arrows, layout_basic
D:2:      layout_basic, basic_altar
D:3:      layout_basic, serial_shops, nicolae_shop_trees, uniq_robin

Skill      XL: |  1  2  3 |
---------------+----------+-----
Ranged Weapons | 6 7 |  7.7
Fighting       | |  1.5
Dodging        | |  2.4
Stealth        | |  1.2

Action                     |  1- 3 |  4- 6 || total
---------------------------+-------+-------++-------
   Fire: Shortbow          |    88 |    17 ||   105
    Use: Scroll            |     6 |       ||     6
         Potion            |       |     1 ||     1
 Armour: Leather armour    |     1 |       ||     1
         Ring mail         |     5 |       ||     5
  Dodge: Dodged            |    10 |    14 ||    24

Table legend:
 A = Non-vault XP
 B = Vault XP
 C = Vault XP percentage of total XP
 D = Non-vault monster count
 E = Vault monster count
 F = Vault count percentage of total count
                 A         B        C        D         E       F
            +---------+---------+-------+---------+---------+-------
      Total |      91 |      39 |  30.0 |      32 |      13 |  28.9
            +---------+---------+-------+---------+---------+-------
        D:1 |      33 |       0 |   0.0 |      18 |       0 |   0.0
        D:2 |      10 |       0 |   0.0 |       7 |       0 |   0.0
        D:3 |      48 |      39 |  44.8 |       7 |      13 |  65.0
            +---------+---------+-------+---------+---------+-------
